 Dungeon Crawl Stone Soup version 0.17-a0-377-gdd46233 (webtiles) character file.

88603 esc the Champion of Chaos (level 15, -10/112 HPs)
             Began as a Demonspawn Monk on Apr 1, 2015.
             Was the Champion of Makhleb.
             Mangled by an Executioner (16 damage)
             ... summoned by the player character
             ... on level 1 of the Spider Nest.
             The game lasted 02:11:57 (32365 turns).

esc the Champion of Chaos (Demonspawn Monk)        Turns: 32365, Time: 02:11:57

Health: -10/112    AC: 18    Str: 13    XL:     15   Next: 47%
Magic:  23/23      EV: 16    Int: 16    God:    Makhleb [******]
Gold:   1999       SH:  0    Dex: 16    Spells: 4 memorised, 18 levels left

rFire  . . .     SeeInvis +       - Unarmed
rCold  . . .     Clarity  +     U - +2 ring mail of Somewhere Else {rN+++ Regen+ Dex-2}
rNeg   + + +     SustAb   .     (no shield)
rPois  +         Gourm    .     t - +3 crown of Dyrovepreva {rElec Int+2 SInv}
rElec  +         Spirit   .     w - +2 cloak {rPois}
rCorr  .         Warding  .     (gloves unavailable)
rMut   .         Stasis   .     (no boots)
MR     +....                    p - amulet of clarity {Clar, !d}
Stlth  +.........               g - ring of see invisible {sInv, !d}
                                e - +4 ring of protection

@: lethally poisoned (-10 -> -10), slowed, very slow, somewhat resistant to
hostile enchantments, very unstealthy
A: antennae 2, claws 3, hooves 2, powered by death 1, rot immunity
a: Minor Destruction, Lesser Servant of Makhleb, Major Destruction, Greater
Servant of Makhleb, Renounce Religion


You were on level 1 of the Spider Nest.
You worshipped Makhleb.
Makhleb was exalted by your worship.
You were hungry.

You visited 4 branches of the dungeon, and saw 25 of its levels.
You also visited: Labyrinth and Volcano.

You collected 2578 gold pieces.
You spent 579 gold pieces at shops.

Inventory:

Hand weapons
 D - a +1 scimitar of flaming
   (You took it off an efreet on level 12 of the Dungeon)
Missiles
 a - 4 throwing nets {=f, !d}
 x - 4 tomahawks (quivered)
 S - 2 steel tomahawks
Armour
 t - the +3 crown of Dyrovepreva (worn) {rElec Int+2 SInv}
   (You bought it in a shop on level 8 of the Dungeon)

   It affects your intelligence (+2).
   It insulates you from electricity.
   It enhances your eyesight.
 w - a +2 cloak of poison resistance (worn)
   (You took it off Crazy Yiuf on level 5 of the Dungeon)
 G - a +0 ring mail of fire resistance
   (You took it off a deep elf fighter in a volcano)
 U - the +2 ring mail of Somewhere Else (worn) {rN+++ Regen+ Dex-2}
   (You found it on level 11 of the Dungeon)

   It affects your dexterity (-2).
   It renders you almost immune to negative energy.
   It increases your rate of regeneration.
Jewellery
 c - an uncursed ring of flight {+Fly, !d}
   (You found it on level 1 of the Dungeon)
 e - a +4 ring of protection (left claw)
   (You found it in a labyrinth)
 g - a ring of see invisible (right claw) {sInv, !d}
   (You found it on level 3 of the Dungeon)
 p - an amulet of clarity (around neck) {Clar, !d}
   (You found it on level 2 of the Dungeon)
 K - an uncursed ring of protection from cold {rC+, !d}
   (You found it on level 4 of the Lair of Beasts)
Magical devices
 h - a wand of paralysis (8)
   (You found it on level 4 of the Lair of Beasts)
 i - a wand of polymorph (6)
   (You found it on level 8 of the Dungeon)
 l - a wand of digging (0)
   (You found it on level 5 of the Dungeon)
 y - a wand of flame (1)
   (You found it on level 3 of the Lair of Beasts)
 E - a wand of fire (9)
   (You found it on level 6 of the Dungeon)
 H - a wand of heal wounds (0)
   (You found it in a labyrinth)
 I - a wand of cold (6)
   (You found it on level 6 of the Lair of Beasts)
 M - a wand of hasting (6)
   (You found it on level 11 of the Dungeon)
 O - a wand of slowing (21)
   (You took it off Maud on level 11 of the Dungeon)
 P - a wand of digging (7)
   (You found it on level 11 of the Dungeon)
 R - a wand of fireball (5)
   (You found it on level 8 of the Lair of Beasts)
 W - a wand of teleportation (4)
   (You found it on level 11 of the Dungeon)
 Y - a wand of invisibility (1)
   (You found it on level 1 of the Lair of Beasts)
Scrolls
 d - 8 scrolls of remove curse
 u - a scroll of fear
 z - 2 scrolls of magic mapping {!r}
 C - a scroll of summoning
 N - 7 scrolls of immolation {!r}
 X - 3 scrolls of teleportation
Potions
 j - 3 potions of restore abilities
 k - 3 potions of resistance
 m - 3 potions of heal wounds
 n - a potion of flight
 o - 2 potions of haste
 q - 15 potions of curing
 A - a potion of invisibility {unknown}
 B - 3 potions of cancellation
 F - 2 potions of might
 L - 5 potions of berserk rage {!q}
 Q - a potion of magic
Miscellaneous
 s - a phial of floods
   (You found it on level 5 of the Lair of Beasts)
 T - a lamp of fire
   (You found it on level 8 of the Lair of Beasts)
 V - a plain deck of escape {drawn: 4}
   (You found it on level 1 of the Lair of Beasts)
Comestibles
 b - 15 bread rations {@e1}
 f - 39 fruits
 r - 11 meat rations {@e2}


   Skills:
 - Level 8.7 Fighting
 - Level 4.9 Armour
 - Level 9.6 Dodging
 - Level 1.7 Stealth
 - Level 10.5 Unarmed Combat
 - Level 8.6 Spellcasting
 + Level 12.0 Charms
 - Level 14.0 Invocations
 - Level 10.7 Evocations


You had 18 spell levels left.
You knew the following spells:

 Your Spells              Type           Power        Failure   Level  Hunger
a - Shroud of Golubria    Chrm/Tloc      ####......   2%          2    None
h - Haste                 Chrm           #####...     24%         6    ######.
r - Regeneration          Chrm/Necr      ####......   6%          3    #......
S - Song of Slaying       Chrm           #####...     1%          2    None


Dungeon Overview and Level Annotations

Branches:
Dungeon (12/15)            Temple (0/1) D:7            Lair (8/8) D:8
 Shoals (0/5) Lair:6       Spider (1/5) Lair:3          Orc (4/4) D:12
    Elf (0/3) Orc:3
  Slime: Lair:6-8

Altars:
Dithmenos
Gozag
Kikubaaqudgha
Makhleb
Nemelex Xobeh
Qazlal
Trog
Vehumet
The Shining One
Beogh

Shops:
D:8 [   D:9 }   Orc:4 *(:

Portals:
Trove: D:11 (give 6 scrolls of blinking)

Annotations:
D:5 Prince Ribbit
Lair:6 exclusion: oklob plant
Spider:1 Aizul


Innate Abilities, Weirdness & Mutations

You have a pair of antennae on your head.
You have claws for hands.
You have hoof-like feet.
You can steal the life force of nearby defeated enemies.
You are immune to rotting.


Message History

Read which item? (? for menu, Esc to quit)
Okay, then.
Drink which item? (? for menu, Esc to quit)
Okay, then.
A - a fuming coppery potion You now have 1984 gold pieces (gained 22).
You now have 1999 gold pieces (gained 15).
All of the chunks of flesh in your inventory have rotted away.
A scorpion and a torpor snail come into view.
The torpor snail moves out of view.
A tarantella, a redback and Aizul come into view.
Aizul shouts!
The tarantella hisses angrily. 2 redbacks come into view.
Being near the torpor snail leaves you feeling lethargic.
A demon appears!
It doesn't seem very happy.
You are feeling hungry.
The redback bites you but does no damage.
You take 9 damage, and have 103/112 hp.
Read which item? (? for menu, Esc to quit)
Okay, then.
You feel yourself speed up.
The Executioner gestures.
The Executioner seems to speed up.
The redback completely misses you.
The Executioner hits you but does no damage.
The Executioner barely misses you.
The Executioner hits you but does no damage.
The Executioner hits you!
The Executioner hits you but does no damage. x2
You take 15 damage, and have 89/112 hp.
The Executioner barely misses you.
The Executioner hits you but does no damage. x2
The Executioner hits you.
The Executioner hits you but does no damage.
The Executioner closely misses you.
You take 2 damage, and have 87/112 hp.
The Executioner hits you but does no damage.
The Executioner closely misses you.
The Executioner hits you but does no damage.
The Executioner hits you!
The Executioner hits you but does no damage.
The Executioner barely misses you.
You take 7 damage, and have 80/112 hp.
The Executioner hits you! The Executioner barely misses you.
The Executioner hits you but does no damage. x3
The Executioner completely misses you.
You take 11 damage, and have 69/112 hp.
The Executioner closely misses you.
The Executioner hits you but does no damage. x2
The redback closely misses you. The Executioner completely misses you.
The Executioner hits you.
The Executioner hits you but does no damage.
You take 3 damage, and have 66/112 hp.
The Executioner closely misses you. The Executioner misses you.
The Executioner hits you but does no damage.
Being near the torpor snail leaves you feeling lethargic.
The Executioner hits you!
The Executioner hits you but does no damage.
The Executioner misses you.
You take 12 damage, and have 54/112 hp.
You feel yourself speed up. The Executioner hits you!
The Executioner hits you but does no damage.
The Executioner hits you!
* * * LOW HITPOINT WARNING * * *
Aizul casts a spell at you. The poison arrow hits you!
You are poisoned.
You partially resist.
* * * LOW HITPOINT WARNING * * *
The redback misses you.
The Executioner hits you but does no damage.
The Executioner misses you.
The Executioner hits you but does no damage.
Being near the torpor snail leaves you feeling lethargic.
The redback completely misses you.
You take 34 damage, and have 20/112 hp.
MASSIVE DAMAGE!!
Read which item? (? for menu, Esc to quit)
Okay, then.
Drink which item? (? for menu, Esc to quit)
You feel much better.
You feel sick. The Executioner hits you!!
* * * LOW HITPOINT WARNING * * *
The Executioner hits you.
* * * LOW HITPOINT WARNING * * *
The Executioner hits you but does no damage.
The Executioner gestures at you. You resist with significant effort.
The Executioner hits you but does no damage.
The Executioner hits you.
* * * LOW HITPOINT WARNING * * *
The Executioner hits you.
* * * LOW HITPOINT WARNING * * *
The redback misses you. The Executioner gestures at you.
Pain shoots through your body!
* * * LOW HITPOINT WARNING * * *
The redback misses you. The Executioner hits you!
You die...

≈..w.# ##.{..#####
#.........##
#...s......# {##...###
### #####......#
##.#####..ws..#..##
####≈..1s.......##.....
##...#..@sS......#
....#
#.<..######...#.^# ....
#>........#...#..# ..
####..........#..# .
#...........#..#
##......#...#≈≈#
#...#.#..#...#≈#
#...##≈.##..##
##..###≈##..≈


You could see Aizul, an Executioner, a torpor snail, 2 redbacks and a scorpion.

Vanquished Creatures
  A minotaur (Lab)
  3 hydras
  Harold (D:12)
  4 catoblepae
  The ghost of herpmino the Blocker, a powerful OpMo of Cheibriados (D:10)
  17 death yaks
  3 orc high priests
  2 unseen horrors (Lab)
  A hill giant (D:11)
  3 orc knights
  An ugly thing (D:11)
  A wolf spider (Lair:4)
  4 griffons
  2 orc sorcerers (Orc:4)
  21 elephants
  A centaur zombie (D:12)
  Joseph (D:8)
  7 black mambas
  A queen ant (Lair:3)
  13 spiny frogs
  An efreet (D:12)
  4 fire drakes
  10 komodo dragons
  A polar bear (Lair:8)
  3 trolls
  25 blink frogs
  A snapping turtle (Lair:6)
  A trapdoor spider zombie (D:11)
  Sigmund (D:6)
  A wraith (D:11)
  83 yaks
  A fire bat (Volcano)
  2 deep elf fighters (Volcano)
  A golden eye (Lair:1)
  A wyvern (Lair:7)
  5 fire elementals (D:12)
  15 hippogriffs
  4 wargs
  5 basilisks
  2 hungry ghosts
  20 wolves
  12 porcupines
  2 hell hounds
  8 soldier ants
  10 water moccasins
  Duvessa (D:5)
  3 phantoms
  3 centaurs
  23 orc warriors
  2 wasps
  13 ogres
  4 ice beasts
  2 sky beasts
  3 boring beetles
  5 big kobolds
  A brain worm (D:12)
  Blork the orc (D:5)
  13 crocodiles
  17 giant frogs
  Dowan (D:5)
  2 scorpions
  10 killer bees (D:11)
  The ghost of esc the Insei, a weakling DsMo (D:3)
  2 electric eels
  3 goliath beetles
  7 crimson imps
  26 orc priests
  2 giant frog zombies
  A quasit (D:8)
  10 hounds
  4 jellies
  A wasp zombie (D:10)
  Crazy Yiuf (D:5)
  4 centaur skeletons
  4 giant frog skeletons
  10 iguanas
  21 worker ants
  26 orc wizards
  A gnoll shaman (D:7)
  A killer bee zombie (D:7)
  30 sheep
  2 hound zombies
  A worker ant zombie (D:6)
  13 gnolls
  74 river rats
  31 adders
  4 shadow imps
  7 giant mites
  2 worms
  An adder zombie (D:9)
  6 giant geckos
  3 oozes
  144 orcs
  A bat skeleton (D:4)
  22 hobgoblins
  19 kobolds
  13 bats
  2 giant newts
  3 giant spores
  30 goblins
  7 jackals
  16 quokkas
  10 rats
  27 ballistomycetes
  2 plants (Lair:7)
1006 creatures vanquished.

Vanquished Creatures (collateral kills)
  Frances (D:12)
  An orc warlord (Orc:4)
  Maud (D:11)
  Nessos (Lair:5)
  Azrael (D:12)
  A hydra (Lair:2)
  An unseen horror (D:11)
  A hill giant (D:12)
  2 orc knights
  A lindwurm (Orc:1)
  An orc sorcerer (Orc:4)
  A shadow (D:12)
  A yak (Lair:8)
  A hungry ghost (D:12)
  A warg (Orc:1)
  A porcupine (Lair:5)
  A black bear (D:12)
  8 orc warriors
  A centaur (D:11)
  An ogre (Orc:4)
  A goliath beetle (D:7)
  A jelly (D:7)
  4 orcs
  A goblin (Orc:1)
  2 jackals (D:11)
  A bat (D:9)
38 creatures vanquished.

Vanquished Creatures (others)
  A cacodemon (Lair:8)
  A smoke demon (D:7)
  A hellwing (D:8)
  A fire elemental (Lair:8)
  A centaur (Volcano)
  A giant frog (D:9)
  An orc wizard (D:7)
  4 ufetubi (D:8)
  A giant gecko (D:9)
  3 giant spores (D:8)
  A rat (D:9)
  8 fungi
  7 plants
31 creatures vanquished.

Grand Total: 1075 creatures vanquished

Notes
Turn   | Place    | Note
--------------------------------------------------------------
     0 | D:1      | esc, the Demonspawn Monk, began the quest for the Orb.
     0 | D:1      | Reached XP level 1. HP: 18/18 MP: 1/1
   114 | D:1      | Reached skill level 4 in Unarmed Combat
   117 | D:1      | Gained mutation: You can steal the life force of nearby defeated enemies. [demonic ancestry]
   117 | D:1      | Reached XP level 2. HP: 13/24 MP: 2/2
   852 | D:2      | Found a burning altar of Makhleb.
   863 | D:2      | Gained mutation: You have large cloven feet. [demonic ancestry]
   863 | D:2      | Reached XP level 3. HP: 18/29 MP: 3/3
   879 | D:2      | Became a worshipper of Makhleb the Destroyer
   879 | D:2      | Acquired Makhleb's first power
   879 | D:2      | Acquired Makhleb's second power
  1200 | D:2      | Found a burning altar of Makhleb.
  1205 | D:2      | Found an opulent altar of Gozag.
  1205 | D:2      | Found a radiant altar of Vehumet.
  1213 | D:2      | Reached skill level 5 in Unarmed Combat
  1220 | D:2      | Found a shadowy altar of Dithmenos.
  1224 | D:2      | Found a bloodstained altar of Trog.
  1384 | D:2      | Gained mutation: You have sharp fingernails. [demonic ancestry]
  1384 | D:2      | Reached XP level 4. HP: 35/35 MP: 4/4
  1801 | D:3      | Noticed esc's ghost (weakling DsMo)
  1880 | D:3      | Found a glowing golden altar of the Shining One.
  2218 | D:3      | Killed esc's ghost
  2218 | D:3      | Gained mutation: You are immune to rotting. [demonic ancestry]
  2218 | D:3      | Reached XP level 5. HP: 41/41 MP: 5/5
  2353 | D:3      | Reached skill level 3 in Dodging
  2618 | D:4      | Reached skill level 6 in Unarmed Combat
  2701 | D:4      | HP: 7/41 [iguana (7)]
  2981 | D:3      | You fall through a shaft for 2 floors!
  2981 | D:5      | Entered Level 5 of the Dungeon
  2981 | D:5      | Noticed an ogre
  3047 | D:5      | Gained mutation: You have very sharp fingernails. [demonic ancestry]
  3047 | D:5      | Reached XP level 6. HP: 42/47 MP: 6/6
  3054 | D:5      | Noticed a phantom
  3197 | D:5      | Found an ancient bone altar of Kikubaaqudgha.
  3234 | D:4      | Acquired Makhleb's third power
  3717 | D:4      | Reached skill level 4 in Fighting
  3717 | D:4      | Reached skill level 4 in Dodging
  3717 | D:4      | Reached XP level 7. HP: 52/54 MP: 7/7
  4279 | D:5      | Found a sparkling altar of Nemelex Xobeh.
  4351 | D:5      | Noticed an ice beast
  4352 | D:5      | Noticed Blork the orc
  4387 | D:5      | Killed Blork the orc
  4404 | D:5      | Noticed Prince Ribbit
  4437 | D:5      | Acquired Makhleb's fourth power
  4543 | D:5      | Noticed an ogre
  4550 | D:5      | Killed an ogre
  4837 | D:5      | Killed a phantom
  4837 | D:5      | Reached skill level 5 in Dodging
  4837 | D:5      | Reached skill level 7 in Unarmed Combat
  4991 | D:5      | Noticed Crazy Yiuf
  5003 | D:5      | Killed Crazy Yiuf
  5127 | D:5      | Killed an ogre
  5127 | D:5      | Reached skill level 5 in Fighting
  5127 | D:5      | Gained mutation: You have a pair of small antennae on your head. [demonic ancestry]
  5127 | D:5      | Reached XP level 8. HP: 38/62 MP: 8/8
  5300 | D:5      | Noticed Duvessa
  5351 | D:5      | Noticed Dowan
  5384 | D:5      | Killed Duvessa
  5388 | D:5      | Killed Dowan
  5587 | D:6      | Reached skill level 2 in Invocations
  5671 | D:6      | Reached skill level 3 in Invocations
  5707 | D:5      | Reached skill level 4 in Invocations
  5840 | D:5      | Killed an ice beast
  5997 | D:6      | Noticed Sigmund
  6017 | D:5      | Reached skill level 5 in Invocations
  6159 | D:6      | Reached skill level 6 in Invocations
  6376 | D:6      | Reached XP level 9. HP: 36/69 MP: 12/12
  6634 | D:7      | Reached skill level 7 in Invocations
  7011 | D:7      | Found a staircase to the Ecumenical Temple.
  7127 | D:7      | Found a stormy altar of Qazlal.
  7132 | D:7      | Reached skill level 8 in Invocations
  7522 | D:8      | Reached skill level 9 in Invocations
  7532 | D:8      | Found Rikep's Armour Boutique.
  7544 | D:8      | Reached skill level 6 in Dodging
  7658 | D:8      | Reached skill level 8 in Unarmed Combat
  7774 | D:8      | Found a staircase to the Lair.
  8184 | D:8      | Reached skill level 6 in Fighting
  8706 | D:8      | Noticed Joseph
  8888 | D:7      | Reached skill level 7 in Dodging
  9687 | D:8      | Reached XP level 10. HP: 68/77 MP: 14/14
  9898 | D:8      | Noticed a two-headed hydra
 10461 | D:6      | Killed Sigmund
 10518 | D:7      | Killed a two-headed hydra
 10518 | D:7      | Reached skill level 7 in Fighting
 10518 | D:7      | Reached skill level 9 in Unarmed Combat
 11380 | D:8      | Acquired Makhleb's fifth power
 11413 | D:8      | Reached skill level 8 in Dodging
 11426 | Lair:1   | Entered Level 1 of the Lair of Beasts
 11492 | Lair:1   | Noticed a black mamba
 11871 | D:8      | Killed a black mamba
 12294 | Lair:1   | Noticed a black mamba
 12497 | D:9      | Found Ycwimum's Quality Used Wands.
 13107 | D:9      | Reached skill level 9 in Dodging
 13117 | D:9      | Reached skill level 10 in Unarmed Combat
 13117 | D:9      | Gained mutation: You have claws for hands. [demonic ancestry]
 13117 | D:9      | Reached XP level 11. HP: 84/86 MP: 15/15
 13124 | D:9      | Reached skill level 8 in Fighting
 13570 | D:8      | Bought the +3 crown of Dyrovepreva {rElec Int+2 SInv} for 579 gold pieces
 13646 | D:8      | Killed Joseph
 13646 | D:8      | Reached skill level 1 in Armour
 13682 | D:10     | Entered Level 10 of the Dungeon
 13706 | D:9      | Reached skill level 2 in Armour
 14326 | D:10     | Reached skill level 3 in Armour
 14340 | D:10     | Noticed herpmino's ghost (powerful OpMo)
 14353 | D:10     | Killed herpmino's ghost
 14353 | D:10     | Reached skill level 4 in Armour
 14635 | D:10     | Learned a level 6 spell: Haste
 14722 | D:10     | Reached skill level 1 in Spellcasting
 14728 | D:10     | Reached skill level 1 in Charms
 14860 | D:11     | Got a shimmering ring mail
 14871 | D:11     | Identified the +2 ring mail of Somewhere Else {rN+++ Regen+ Dex-2} (You found it on level 11 of the Dungeon)
 14921 | D:11     | Reached skill level 2 in Spellcasting
 14921 | D:11     | Reached skill level 2 in Charms
 15017 | D:11     | Noticed Maud
 15312 | Lair:1   | Reached skill level 3 in Spellcasting
 15312 | Lair:1   | Reached skill level 3 in Charms
 15850 | Lair:1   | Killed a black mamba
 15855 | Lair:1   | HP: 21/86 [spiny frog (12)]
 16233 | Lair:2   | Reached skill level 4 in Spellcasting
 16272 | Lair:1   | Reached skill level 4 in Charms
 16374 | Lair:2   | Reached skill level 5 in Spellcasting
 16448 | Lair:2   | Reached skill level 5 in Charms
 16569 | Lair:2   | Gained mutation: You have hoof-like feet. [demonic ancestry]
 16569 | Lair:2   | Reached XP level 12. HP: 92/92 MP: 17/17
 16923 | Lair:2   | Noticed a six-headed hydra
 17192 | Lair:2   | Reached skill level 10 in Invocations
 17413 | Lair:2   | Killed a three-headed hydra
 17413 | Lair:2   | Reached skill level 11 in Invocations
 17710 | Lair:3   | Reached skill level 12 in Invocations
 17799 | Lair:3   | Found a hole to the Spider Nest.
 17824 | Lair:3   | Noticed an Executioner
 18166 | Lair:3   | Reached skill level 13 in Invocations
 18356 | Lair:3   | Reached skill level 14 in Invocations
 19173 | Lair:4   | Found a labyrinth entrance.
 19187 | Lab      | Entered a labyrinth
 19252 | Lab      | Reached XP level 13. HP: 91/99 MP: 20/20
 19276 | Lab      | Noticed a minotaur
 19286 | Lab      | Killed a minotaur
 19288 | Lab      | Got a dazzling battleaxe
 19288 | Lab      | Identified the Guide on Burning Confrontation
 19289 | Lab      | Identified the +0 battleaxe "Hoemofut" {chop, Stlth+} (You took it off a minotaur in a labyrinth)
 19325 | Lab      | Identified a +5 rod of destruction (11/11) (You found it in a labyrinth)
 19448 | Lair:4   | Reached skill level 1 in Evocations
 19486 | Lair:4   | Noticed a six-headed hydra
 19502 | Lair:4   | Killed a two-headed hydra
 19502 | Lair:4   | Reached skill level 2 in Evocations
 19586 | Lair:4   | Reached skill level 3 in Evocations
 19625 | Lair:4   | Reached skill level 4 in Evocations
 20138 | Lair:4   | Reached skill level 5 in Evocations
 20583 | Lair:5   | Reached skill level 6 in Evocations
 20865 | Lair:5   | Reached skill level 7 in Evocations
 21289 | Lair:5   | Noticed Nessos
 21304 | Lair:5   | HP: 23/99 [poisoned by Nessos]
 21308 | Lair:5   | HP: 10/99 [Nessos/poisoned arrow (3)]
 21311 | Lair:5   | Killed Nessos
 21313 | Lair:5   | HP: 24/99 [poisoned by Nessos]
 21510 | Lair:6   | Reached skill level 8 in Evocations
 21694 | Lair:6   | Reached skill level 9 in Evocations
 22264 | Lair:6   | Reached skill level 10 in Evocations
 22288 | Lair:6   | Found a staircase to the Shoals.
 22612 | Lair:5   | Reached XP level 14. HP: 106/106 MP: 21/21
 23615 | Lair:7   | Reached skill level 6 in Charms
 23715 | Lair:7   | Reached skill level 6 in Spellcasting
 23908 | Lair:7   | HP: 15/106 [blink frog (9)]
 24389 | Lair:8   | Entered Level 8 of the Lair of Beasts
 24666 | Lair:8   | Reached skill level 7 in Charms
 24815 | Lair:8   | Reached skill level 7 in Spellcasting
 25565 | Lair:8   | Reached skill level 8 in Charms
 25778 | Lair:8   | Reached skill level 8 in Spellcasting
 26065 | Lair:8   | HP: 26/106 [catoblepas (2)]
 26073 | Lair:8   | HP: 14/106 [catoblepas (22)]
 26283 | Lair:8   | Reached skill level 9 in Charms
 26829 | D:11     | Noticed an ogre mage
 26853 | D:11     | Killed Maud
 26992 | D:11     | Noticed an unseen horror
 26999 | D:11     | Killed an unseen horror
 27029 | D:11     | Gained mutation: You have a pair of antennae on your head. [demonic ancestry]
 27029 | D:11     | Reached XP level 15. HP: 112/112 MP: 23/23
 27044 | D:11     | Noticed a hill giant
 27053 | D:11     | Killed a hill giant
 27085 | D:11     | Found a portal to a secret trove of treasure.
 27437 | D:11     | Reached skill level 10 in Charms
 27470 | D:12     | Found a staircase to the Orcish Mines.
 27493 | D:12     | Noticed Harold
 27505 | D:12     | Killed Harold
 27596 | D:12     | Noticed Frances
 27606 | D:12     | Killed Frances
 27693 | D:12     | Noticed Azrael
 27772 | D:12     | Killed Azrael
 27843 | D:12     | Learned a level 2 spell: Song of Slaying
 27846 | D:12     | Learned a level 2 spell: Shroud of Golubria
 27850 | D:12     | Learned a level 3 spell: Regeneration
 28519 | Orc:1    | Entered Level 1 of the Orcish Mines
 29071 | Orc:1    | Found a dark tunnel.
 29084 | Volcano  | Entered a volcano
 29483 | Orc:3    | Found a staircase to the Elven Halls.
 29716 | Orc:3    | Reached skill level 11 in Charms
 29866 | Orc:3    | Found a roughly hewn altar of Beogh.
 30150 | Orc:4    | Entered Level 4 of the Orcish Mines
 30239 | Orc:4    | Found Fiufis' Book Boutique.
 30584 | Orc:4    | Found Basadi's Antique Weapon Emporium.
 30610 | Orc:4    | HP: 28/112 [orc warlord/bolt (12)]
 30736 | Orc:4    | Noticed an Executioner
 31533 | Orc:4    | Found Yzxen's Antique Armour Emporium.
 31724 | Orc:4    | Found Ulet's General Store.
 32109 | Orc:4    | Reached skill level 12 in Charms
 32333 | Spider:1 | Entered Level 1 of the Spider Nest
 32354 | Spider:1 | Noticed Aizul
 32356 | Spider:1 | Noticed an Executioner
 32364 | Spider:1 | HP: 20/112 [Aizul/poison arrow (11)]
 32365 | Spider:1 | HP: 6/112 [Executioner/nerve-wracking pain[the player character] (4)]
 32365 | Spider:1 | Mangled by an Executioner

Action                   |  1- 3 |  4- 6 |  7- 9 | 10-12 | 13-15 || total
-------------------------+-------+-------+-------+-------+-------++-------
Melee: Unarmed           |   101 |   243 |   638 |  1192 |  2259 ||  4433
       Falchion          |       |       |       |     3 |     4 ||     7
       Scimitar          |       |       |       |       |     5 ||     5
Throw: Tomahawk          |       |       |     1 |     1 |       ||     2
 Cast: Regeneration      |       |       |       |       |     8 ||     8
       Shroud of Golubri |       |       |       |       |     5 ||     5
       Song of Slaying   |       |       |       |       |     1 ||     1
Invok: Lesser Servant of |       |       |     3 |     3 |       ||     6
       Major Destruction |       |       |       |     3 |     7 ||    10
       Greater Servant o |       |       |       |     2 |    14 ||    16
Evoke: Wand              |       |    10 |     9 |     4 |     7 ||    30
       Deck              |       |       |       |     2 |     2 ||     4
       Lamp of fire      |       |       |       |       |     1 ||     1
  Use: Scroll            |       |     9 |     9 |    18 |    10 ||    46
       Potion            |       |       |       |     4 |     7 ||    11
 Stab: Sleeping          |     4 |     2 |     2 |     3 |     2 ||    13
       Confused          |       |     4 |     4 |       |       ||     8
       Invisible         |       |       |       |       |     9 ||     9
       Paralysed         |       |       |       |       |     8 ||     8
       Distracted        |       |       |       |       |     2 ||     2
       Petrified         |       |       |       |       |     1 ||     1
  Eat: Chunk             |     1 |     6 |    18 |    24 |    30 ||    79
       Pizza             |       |     1 |       |     3 |     5 ||     9
       Royal jelly       |       |       |     1 |     1 |     3 ||     5
       Fruit             |       |       |       |     1 |       ||     1
       Beef jerky        |       |       |       |     1 |     3 ||     4

Vault maps used:
D:1:      lightli_arrival_statuegarden
D:2:      minmay_overflow_temple_star_hex, first_bread, makhleb_heckhound_becter
D:3:      lemuel_coloured_pillars_altar, minivault_14
D:4:      minmay_misc_feat_alley
D:5:      old_standard_altar, lemuel_doored_altar, uniq_crazy_yiuf_cottage,
          uniq_duvessa, uniq_prince_ribbit1, uniq_blork_the_orc
D:6:      uniq_sigmund
D:7:      old_standard_altar, minmay_temple_entry_poolview
D:8:      erik_lair_orcish_takeover, serial_shops, nicolae_shop_crystal,
          hangedman_ranch, lightli_minifort, uniq_joseph
D:9:      statuecave_lemuel, nicolae_for_you_no_charge
D:10:     corexii_checkpoint_a
D:11:     enter_trove_0, uniq_maud
D:12:     erik_orc_4, uniq_azrael, uniq_frances, uniq_harold
Lair:2:   minmay_holes
Lair:3:   dummy_spider_entry, minmay_another_anthill
Lair:4:   minmay_lair_venomous_thicket, lab_entry_generic
Lair:5:   st_stairs_10, uniq_nessos
Lair:6:   minmay_shoals_entry_hut, minmay_slime_entry_oklob_enclosed,
          hangedman_lair_generics_rect, grunt_megastairs_2
Lair:7:   nicolae_lair_yak_garden
Lair:8:   evilmike_catoblepas_cave, serial_bayou_shore_b
Spider:1: uniq_rupert, uniq_aizul, uniq_roxanne
Orc:1:    nicolae_volcano_entry_vermiform
Orc:2:    serial_shops, shop_statue
Orc:3:    basic_altar, nicolae_orc_pool_cavern, mines2_david
Orc:4:    grunt_orc_gardens, grunt_orc_garden, grunt_orc_garden,
          grunt_orc_garden, grunt_orc_garden, nicolae_orc_crystal_geode
Lab:      lab_hedge, nicolae_lab_arrow, lab_block, labyrinth_skeletal_remains
Volcano:  volcano_village

Table legend:
 A = Turns spent in this place as a percentage of turns spent in the entire game.
 B = Non-inter-level travel turns spent in this place as a percentage of non-inter-level travel turns spent in the entire game.
 C = Inter-level travel turns spent in this place as a percentage of turns spent in this place.
 D = Turns resting spent in this place as a percentage of non-inter-level travel turns spent in this place.
 E = Turns spent auto-exploring this place as a percentage of non-inter-level travel turns spent in this place.
 F = Non-inter-level travel turns spent in this place divided by the number of levels of this place that you've seen.
                   A       B       C       D       E      F
               +-------+-------+-------+-------+-------+----------------------
         Total | 100.0 | 100.0 |   0.6 |   1.9 |   5.5 | 447.7
       Dungeon |  49.1 |  49.0 |   0.8 |   2.2 |   6.0 | 494.1
          Lair |  37.8 |  37.9 |   0.4 |   1.5 |   4.9 | 572.1
   Spider Nest |   0.1 |   0.1 |   0.0 |   0.0 |   5.9 |  17.0
  Orcish Mines |  10.8 |  10.8 |   0.8 |   2.0 |   5.7 | 326.5
     Labyrinth |   1.2 |   1.2 |   0.0 |   0.0 |   0.0 | 146.0
       Volcano |   0.9 |   0.9 |   0.0 |   5.3 |   7.9 | 114.0
               +-------+-------+-------+-------+-------+----------------------

Table legend:
 A = Kills in this place as a percentage of kills in entire the game.
 B = Kills by you in this place as a percentage of kills by you in the entire game.
 C = Kills by friends in this place as a percentage of kills by friends in the entire game.
 D = Other kills in this place as a percentage of other kills in the entire game.
 E = Experience gained in this place as a percentage of experience gained in the entire game.
 F = Experience gained in this place divided by the number of levels of this place that you have seen.
                   A       B       C       D       E      F
               +-------+-------+-------+-------+-------+----------------------
         Total | 100.0 | 100.0 | 100.0 |  -nan | 100.0 | 4688.0
       Dungeon |  37.2 |  36.9 |  44.7 |  -nan |  21.1 | 2229.6
          Lair |  43.1 |  44.4 |  10.5 |  -nan |  65.7 | 10393.8
  Orcish Mines |  18.7 |  17.7 |  44.7 |  -nan |  10.2 | 3217.8
     Labyrinth |   0.3 |   0.3 |   0.0 |  -nan |   2.1 | 2616.0
       Volcano |   0.7 |   0.7 |   0.0 |  -nan |   0.9 | 1184.0
               +-------+-------+-------+-------+-------+----------------------
